 Dungeon Crawl Stone Soup version 0.28-a0-519-gbfeecf2fc5 (webtiles) character file.

Game seed: 14243386339466828035

81 mg7810 the Skirmisher (level 4, -11/37 HPs)
             Began as a Demonspawn Monk on Sept 23, 2021.
             Killed from afar by Maggie (15 damage)
             ... with a bolt of fire
             ... on level 6 of the Dungeon.
             The game lasted 00:07:53 (2417 turns).

mg7810 the Skirmisher (Demonspawn Monk)             Turns: 2417, Time: 00:07:54

Health: -11/37     AC: 10    Str: 12    XL:     4   Next: 19%
Magic:  4/4        EV:  3    Int: 12    God:
Gold:   36         SH:  0    Dex: 15    Spells: 3/3 levels left

rFire   . . .      SeeInvis .   a - +0 hand axe
rCold   . . .      Faith    .   (no shield)
rNeg    . . .      Spirit   .   d - +0 plate armour
rPois   .          Reflect  .   (helmet restricted)
rElec   .          Harm     .   (no cloak)
rCorr   .          Rampage  .   (no gloves)
Will    .....                   (no boots)
Stlth   ..........              g - amulet of magic regeneration
HPRegen 0.12/turn               (no ring)
MPRegen 0.43/turn               (no ring)

@: mesmerised
A: horns 1, magic regeneration, condensation shield
a: no special abilities


You were on level 6 of the Dungeon.
You visited 1 branch of the dungeon, and saw 4 of its levels.

You collected 36 gold pieces.

Inventory:

Hand Weapons
 a - a +0 hand axe (weapon)
Missiles
 f - 7 boomerangs (quivered)
Armour
 d - a +0 plate armour (worn)
Jewellery
 g - an amulet of magic regeneration (around neck)
Potions
 b - 2 potions of cancellation


   Skills:
 + Level 3.9 Fighting
 + Level 3.0 Axes
 * Level 0.7 Throwing
 * Level 1.4 Armour
 + Level 2.9 Dodging
 + Level 1.8 Stealth
 * Level 0.5 Unarmed Combat


You had 3 spell levels left.
You didn't know any spells.
Your spell library was empty.

Dungeon Overview and Level Annotations

Branches:
Dungeon (3/15)

Altars:

Shops:
D:2 [   D:3 [

Annotations:
D:6 Maggie


Innate Abilities, Weirdness & Mutations

You have a pair of small horns on your head.
You regenerate magic rapidly.
A meltable shield of frost defends you. (SH +0)


Message History

The orc is heavily wounded.
The orc hits you but does no damage.
Your plate armour prevents you from hitting the orc.
Maggie mumbles some strange words.
Maggie attempts to bespell you!
You are mesmerised by Maggie!
You closely miss the orc. You block the orc's attack.
You hit the orc.
The orc is heavily wounded.
The orc hits you but does no damage.
Your plate armour prevents you from hitting the orc.
The orc is heavily wounded.
The orc completely misses you. The orc hits you but does no damage.
You barely miss the orc.
The orc is heavily wounded.
You block the orc's attack.
You hit the orc but do no damage.
The orc is heavily wounded.
The orc hits you but does no damage.
You hit the orc but do no damage.
The orc is heavily wounded.
The orc hits you with a +0 flail.
You hit the orc but do no damage.
The orc is heavily wounded.
The orc hits you but does no damage.
You barely miss the orc.
The orc is heavily wounded.
The orc hits you but does no damage.
You barely miss the orc. You headbutt the orc.
You kill the orc!
Maggie casts a spell at you.
The bolt of fire hits the orc!!
The orc dies!
The bolt of fire hits you!!
Your condensation shield dissipates!
Ouch! That really hurt!
* * * LOW HITPOINT WARNING * * *
Maggie points at you and mumbles some strange words.
The bolt of fire misses the orc.
The bolt of fire hits you!
You die...

#####..# ##
........ .. .
#.... .##. ..
#...# .#. ...
#... .. .#..
#..# .#...#.
##.O###.......
#..@o)@.......
#..Z###.......
#...# .#.....
#..... .. ....
#.o..#.### ...
.....O .. ..
##..###. ## .
#... .. ####
##


You could see Maggie (mesmerising), an ogre, an orc and a water moccasin
skeleton.

Vanquished Creatures
  3 adders (D:2)
  2 worms (D:2)
  A dart slug (D:1)
  An orc (D:6)
  4 bats
  An endoplasm (D:2)
  2 giant cockroaches (D:1)
  5 goblins
  8 hobgoblins
  A quokka (D:2)
  5 ball pythons
  2 frilled lizards (D:2)
  3 kobolds
  7 rats
45 creatures vanquished.

Vanquished Creatures (others)
  An orc (D:6)
1 creature vanquished.

Grand Total: 46 creatures vanquished

Notes
Turn   | Place    | Note
-------+----------+-------------------------------------------
     0 | D:1      | mg7810 the Demonspawn Monk began the quest for the Orb.
     0 | D:1      | Reached XP level 1. HP: 18/18 MP: 1/1
   251 | D:1      | Found a faded altar of an unknown god.
   371 | D:1      | Gained mutation: You have a pair of small horns on your
                  | head. [demonic ancestry]
   371 | D:1      | Reached XP level 2. HP: 12/24 MP: 2/2
   957 | D:1      | Upgraded the game from 0.28-a0-514-g0d7ab7f379 to
                  | 0.28-a0-519-gbfeecf2fc5
   988 | D:2      | Gained mutation: A meltable shield of frost defends you.
                  | (SH +0) [demonic ancestry]
   988 | D:2      | Reached XP level 3. HP: 7/29 MP: 3/3
   988 | D:2      | Found Uczoiczi's Antique Armour Shop.
  1413 | D:2      | Reached skill level 1 in Armour
  1613 | D:2      | Gained mutation: You regenerate magic rapidly. [demonic
                  | ancestry]
  1613 | D:2      | Reached XP level 4. HP: 32/37 MP: 4/4
  2372 | D:3      | Found Jowyaq's Armour Boutique.
  2397 | D:3      | You fall into a shaft and drop 3 floors!
  2397 | D:6      | Noticed Maggie
  2397 | D:6      | Noticed an ogre
  2417 | D:6      | Killed from afar by Maggie

Illustrated notes

Levels and vault maps discovered:
D:1:      lightli_arrival_boilingwater, layout_loops_ring,
          chequers_ecumenical_altar_island
D:2:      layout_loops_cross, serial_shops, nicolae_shop_window_shopping
D:3:      layout_rooms, serial_corexii_hall, corexii_hall_statues_x,
          corexii_hall_statues_s, corexii_hall_statues_t,
          corexii_hall_statues_u, corexii_hall_statues_i,
          corexii_hall_statues_l, serial_shops, nicolae_shop_window_shopping,
          nicolae_shop_waterfront, nicolae_shop_window_shopping, shop,
          nicolae_lakefront_shop
D:6:      kennysheep_kobold_camp, layout_loops_ring, nicolae_gozag_seed_capital,
          guppyfry_early_elven_hall, uniq_blork_the_orc, uniq_duvessa,
          uniq_maggie

Skill      XL: |  1  2  3  4 |
---------------+-------------+-----
Armour         | 1 |  1.4
Axes           | 3 |  3.0
Fighting       | |  3.9
Throwing       | |  0.7
Dodging        | |  2.9
Stealth        | |  1.8
Unarmed Combat | |  0.5

Action                   |  1- 3 |  4- 6 || total
-------------------------+-------+-------++-------
Melee: Hand axe          |   120 |    45 ||   165
       Headbutt          |    17 |     8 ||    25
Throw: Boomerang         |     3 |       ||     3
  Use: Scroll            |     1 |     2 ||     3
       Potion            |     1 |     1 ||     2
Armor: Chain mail        |    73 |       ||    73
       Robe              |     2 |       ||     2
       Plate armour      |    23 |    23 ||    46
Dodge: Dodged            |    26 |     5 ||    31
Block: Other             |    10 |     8 ||    18

Table legend: (Time is in decaauts)
 A = Elapsed time spent in this place.
 B = Non-inter-level travel time spent in this place.
 C = Inter-level travel time spent in this place.
 D = Time resting spent in this place.
 E = Time spent auto-exploring this place.
 F = Levels seen in this place.
 G = Mean time per level.
                   A        B        C        D        E       F      G
               +--------+--------+--------+--------+--------+-----+--------+
         Total |   2452 |   2416 |     36 |      0 |   1953 |   4 |  613.0 |
       Dungeon |   2452 |   2416 |     36 |      0 |   1953 |   4 |  613.0 |
               +--------+--------+--------+--------+--------+-----+--------+

Top non-repeatable levels by time:
     D:1: 1253 daAuts
     D:2: 1096 daAuts
     D:3: 80 daAuts
     D:6: 21 daAuts
